TOP OF THE 1ST |
Maui Tropics batting - Pitching for Niagara Falls Frenzy : RHP Tom Moore
|
Pitching: RHP Tom Moore
|
|
Batting: RHB Jung-ha Kim
|
0-0: Called Strike 0-1: Swinging Strike 0-2: Ball 1-2: Strikes out swinging
|
Batting: LHB Juan Jose Rojas
|
0-0: Called Strike 0-1: Swinging Strike 0-2: Foul Ball, location: 2F 0-2: Strikes out looking
|
Batting: RHB Jesús Espinoza
|
0-0: Ball 1-0: Foul Ball, location: 2F 1-1: Ball 2-1: Ball 3-1: Base on Balls
|
Batting: LHB Luis Antonio Torres
|
0-0: Ball 1-0: Foul Ball, location: 2F 1-1: Swinging Strike 1-2: Foul Ball, location: 2F 1-2: Ball 2-2: Ball 3-2: SINGLE (Groundball, 34D) Jesús Espinoza to second Jesús Espinoza to third
|
Batting: LHB Henry Huffman
|
0-0: Ball 1-0: Ball 2-0: Called Strike 2-1: Ball 3-1: Base on Balls Luis Antonio Torres to second
|
Batting: RHB Damian Yates
|
0-0: DOUBLE (Line Drive, 3) Jesús Espinoza scores Luis Antonio Torres scores Henry Huffman to third Runner from 3rd tries for Home, throw and OUT!
|
Top of the 1st over - 2 run(s), 2 hit(s), 0 error(s), 1 left on base; Maui 2 - Niagara Falls 0 |
BOTTOM OF THE 1ST |
Niagara Falls Frenzy batting - Pitching for Maui Tropics : LHP Stan Aldridge
|
Pitching: LHP Stan Aldridge
|
|
Batting: LHB Dante Owens
|
0-0: Called Strike 0-1: Ball 1-1: Called Strike 1-2: Ground out U3 (Groundball, 3S)
|
Batting: LHB Clyde Yarbrough
|
0-0: Ball 1-0: Ball 2-0: Ball 3-0: Base on Balls
|
Batting: RHB Lawrence Schroeder
|
0-0: Called Strike 0-1: Foul Ball, location: 2F 0-2: Foul Ball, location: 2F 0-2: SINGLE (Groundball, 25) (infield hit) Clyde Yarbrough to second
|
Batting: SHB Shumei Yokoyama
|
0-0: Called Strike 0-1: Foul Ball, location: 2F 0-2: Foul Ball, location: 2F 0-2: Ball 1-2: Strikes out swinging
|
Batting: RHB Ángel Hinojosa
|
0-0: Ball 1-0: Called Strike 1-1: Ball 2-1: Ball 3-1: SINGLE (Groundball, 5D) Clyde Yarbrough to third Lawrence Schroeder to second Runner from 3rd tries for Home, SAFE, no throw or cutoff
|
Batting: SHB Martín De Jesús
|
0-0: Ball 1-0: Fly out, F9 (Flyball, 9D)
|
Bottom of the 1st over - 1 run(s), 2 hit(s), 0 error(s), 2 left on base; Maui 2 - Niagara Falls 1 |
TOP OF THE 2ND |
Maui Tropics batting - Pitching for Niagara Falls Frenzy : RHP Tom Moore
|
Batting: RHB Ximena Campos
|
0-0: Foul Ball, location: 2F 0-1: Ball 1-1: Ball 2-1: Swinging Strike 2-2: Ball 3-2: Strikes out swinging
|
Batting: LHB Javier Espinoza
|
0-0: SOLO HOME RUN (Flyball, 9D), Distance : 374 ft
|
Batting: RHB Pat Haynes
|
0-0: Ball 1-0: Ball 2-0: Ball 3-0: Called Strike 3-1: Foul Ball, location: 2F 3-2: Foul Ball, location: 2F 3-2: Foul Ball, location: 2F 3-2: Base on Balls
|
Batting: RHB Jung-ha Kim
|
0-0: Called Strike 0-1: Ball 1-1: Foul Ball, location: 2F 1-2: Ball 2-2: Ball 3-2: Strikes out swinging
|
Batting: LHB Juan Jose Rojas
|
0-0: Ball 1-0: Called Strike 1-1: Ball 2-1: Foul Ball, location: 2F 2-2: Ball Single, Error in OF, E9, batter to second base Pat Haynes to third
|
Batting: RHB Jesús Espinoza
|
0-0: Called Strike 0-1: Ball 1-1: Foul Ball, location: 2F 1-2: Foul Ball, location: 2F 1-2: Ball 2-2: Fly out, F9 (Flyball, 89M)
|
Top of the 2nd over - 1 run(s), 2 hit(s), 1 error(s), 2 left on base; Maui 3 - Niagara Falls 1 |
BOTTOM OF THE 2ND |
Niagara Falls Frenzy batting - Pitching for Maui Tropics : LHP Stan Aldridge
|
Batting: LHB Seung-woo Yi
|
0-0: Ball 1-0: Ground out 4-3 (Groundball, 34)
|
Batting: RHB Cordell Gibson
|
0-0: Ground out 6-3 (Groundball, 6M)
|
Batting: RHB Juan Carlos Rodríguez
|
0-0: Ground out 5-3 (Groundball, 56S)
|
Bottom of the 2nd over - 0 run(s), 0 hit(s), 0 error(s), 0 left on base; Maui 3 - Niagara Falls 1 |
TOP OF THE 3RD |
Maui Tropics batting - Pitching for Niagara Falls Frenzy : RHP Tom Moore
|
Batting: LHB Luis Antonio Torres
|
0-0: Ball 1-0: SINGLE (Line Drive, 3)
|
Batting: LHB Henry Huffman
|
0-0: Called Strike 0-1: Ball 1-1: Fly out, F8 (Flyball, 78M)
|
Batting: RHB Damian Yates
|
0-0: Ball 1-0: Swinging Strike 1-1: Ball 2-1: Swinging Strike 2-2: Strikes out swinging
|
Batting: RHB Ximena Campos
|
0-0: Called Strike 0-1: Swinging Strike 0-2: Strikes out looking
|
Top of the 3rd over - 0 run(s), 1 hit(s), 0 error(s), 1 left on base; Maui 3 - Niagara Falls 1 |
BOTTOM OF THE 3RD |
Niagara Falls Frenzy batting - Pitching for Maui Tropics : LHP Stan Aldridge
|
Batting: LHB Dante Owens
|
0-0: Ball 1-0: Ball 2-0: Called Strike 2-1: Ball 3-1: Swinging Strike 3-2: Base on Balls
|
Batting: LHB Clyde Yarbrough
|
0-0: Called Strike 0-1: Called Strike Dante Owens is caught stealing 2nd base 0-2: Foul Ball, location: 2F 0-2: Ball 1-2: Ball 2-2: Foul Ball, location: 2F 2-2: Ball 3-2: SINGLE (Groundball, 6M)
|
Batting: RHB Lawrence Schroeder
|
0-0: Called Strike 0-1: Ball 1-1: Ball 2-1: Called Strike 2-2: Grounds into double play, 4-6-3 (Groundball, 34)
|
Bottom of the 3rd over - 0 run(s), 1 hit(s), 0 error(s), 0 left on base; Maui 3 - Niagara Falls 1 |
TOP OF THE 4TH |
Maui Tropics batting - Pitching for Niagara Falls Frenzy : RHP Tom Moore
|
Batting: LHB Javier Espinoza
|
0-0: Called Strike 0-1: Ball 1-1: Ball 2-1: Foul Ball, location: 2F 2-2: Foul Ball, location: 2F 2-2: SINGLE (Flyball, 8LS)
|
Batting: RHB Pat Haynes
|
0-0: Ball 1-0: Swinging Strike 1-1: SINGLE (Line Drive, 3D) Javier Espinoza to second
|
Batting: RHB Jung-ha Kim
|
0-0: Ball 1-0: Called Strike 1-1: Ball 2-1: Called Strike 2-2: Grounds into double play, 6-4-3 (Groundball, 6M) Javier Espinoza to third
|
Batting: LHB Juan Jose Rojas
|
0-0: Called Strike 0-1: Swinging Strike 0-2: Ball 1-2: Foul Ball, location: 2F 1-2: Ball 2-2: Strikes out looking
|
Top of the 4th over - 0 run(s), 2 hit(s), 0 error(s), 1 left on base; Maui 3 - Niagara Falls 1 |
BOTTOM OF THE 4TH |
Niagara Falls Frenzy batting - Pitching for Maui Tropics : LHP Stan Aldridge
|
Batting: SHB Shumei Yokoyama
|
0-0: Ball 1-0: Swinging Strike 1-1: Called Strike 1-2: Ball 2-2: Foul Ball, location: 2F 2-2: Ball 3-2: Foul Ball, location: 2F 3-2: Base on Balls
|
Batting: RHB Ángel Hinojosa
|
0-0: Ball Wild Pitch! Shumei Yokoyama to second 1-0: Ball 2-0: Called Strike 2-1: Ground out 5-3 (Groundball, 56)
|
Batting: SHB Martín De Jesús
|
0-0: Ball 1-0: Swinging Strike 1-1: Swinging Strike 1-2: Foul Ball, location: 2F 1-2: Ball 2-2: Foul Ball, location: 2F 2-2: Foul Ball, location: 2F 2-2: Ball 3-2: Foul Ball, location: 2F 3-2: Foul Ball, location: 2F 3-2: Foul Ball, location: 2F 3-2: Strikes out looking
|
Batting: LHB Seung-woo Yi
|
0-0: Called Strike 0-1: Fly out, F8 (Flyball, 8LD)
|
Bottom of the 4th over - 0 run(s), 0 hit(s), 0 error(s), 1 left on base; Maui 3 - Niagara Falls 1 |
TOP OF THE 5TH |
Maui Tropics batting - Pitching for Niagara Falls Frenzy : RHP Tom Moore
|
Pitching: LHP António Bueno
|
|
Batting: RHB Jesús Espinoza
|
0-0: Fly out, F8 (Flyball, 8LS)
|
Batting: LHB Luis Antonio Torres
|
0-0: Called Strike 0-1: Ball 1-1: SINGLE (Groundball, 56D)
|
Batting: LHB Henry Huffman
|
0-0: Fly out, F7 (Line Drive, 7M)
|
Batting: RHB Damian Yates
|
0-0: Ball 1-0: Swinging Strike 1-1: Foul Ball, location: 2F 1-2: Strikes out swinging
|
Top of the 5th over - 0 run(s), 1 hit(s), 0 error(s), 1 left on base; Maui 3 - Niagara Falls 1 |
BOTTOM OF THE 5TH |
Niagara Falls Frenzy batting - Pitching for Maui Tropics : LHP Stan Aldridge
|
Batting: RHB Cordell Gibson
|
0-0: Ground out 4-3 (Groundball, 4M)
|
Batting: RHB Juan Carlos Rodríguez
|
0-0: Ball 1-0: Ground out U3 (Groundball, 3)
|
Batting: LHB Dante Owens
|
0-0: Called Strike 0-1: Ball 1-1: Ball 2-1: DOUBLE (Line Drive, 7D)
|
Batting: LHB Clyde Yarbrough
|
0-0: Ball 1-0: Swinging Strike 1-1: Foul Ball, location: 2F 1-2: Ground out U3 (Groundball, 3)
|
Bottom of the 5th over - 0 run(s), 1 hit(s), 0 error(s), 1 left on base; Maui 3 - Niagara Falls 1 |
TOP OF THE 6TH |
Maui Tropics batting - Pitching for Niagara Falls Frenzy : LHP António Bueno
|
Batting: RHB Ximena Campos
|
0-0: Swinging Strike 0-1: Swinging Strike 0-2: Ball 1-2: Ball 2-2: SINGLE (Flyball, 8RS)
|
Batting: LHB Javier Espinoza
|
0-0: Ball 1-0: Ball 2-0: Fielders Choice at 2nd, 5-4 (Groundball, 56)
|
Batting: RHB Pat Haynes
|
0-0: Fly out, F3 (Popup, 13)
|
Batting: RHB Jung-ha Kim
|
0-0: Called Strike 0-1: Called Strike Pickoff Throw to First - Out!
|
Top of the 6th over - 0 run(s), 1 hit(s), 0 error(s), 0 left on base; Maui 3 - Niagara Falls 1 |
BOTTOM OF THE 6TH |
Niagara Falls Frenzy batting - Pitching for Maui Tropics : LHP Stan Aldridge
|
Pitching: RHP Dave Riley
|
|
Batting: RHB Lawrence Schroeder
|
0-0: Ball 1-0: Ground out 4-3 (Groundball, 34)
|
Batting: SHB Shumei Yokoyama
|
0-0: Swinging Strike 0-1: Ball 1-1: Called Strike 1-2: Strikes out swinging
|
Batting: RHB Ángel Hinojosa
|
0-0: Called Strike 0-1: Ball 1-1: Swinging Strike 1-2: Ground out 6-3 (Groundball, 6)
|
Bottom of the 6th over - 0 run(s), 0 hit(s), 0 error(s), 0 left on base; Maui 3 - Niagara Falls 1 |
TOP OF THE 7TH |
Maui Tropics batting - Pitching for Niagara Falls Frenzy : LHP António Bueno
|
Pitching: RHP Kimitada Takai
|
|
Batting: RHB Jung-ha Kim
|
0-0: SOLO HOME RUN (Flyball, 7D), Distance : 387 ft
|
Batting: LHB Juan Jose Rojas
|
0-0: Called Strike 0-1: SINGLE (Groundball, 4MD)
|
Batting: RHB Jesús Espinoza
|
0-0: Called Strike 0-1: Foul Ball, location: 2F 0-2: Foul Ball, location: 2F 0-2: Strikes out swinging
|
Batting: LHB Luis Antonio Torres
|
0-0: Swinging Strike 0-1: Called Strike 0-2: Ball 1-2: Ball 2-2: Foul Ball, location: 2F 2-2: Strikes out swinging
|
Batting: LHB Henry Huffman
|
0-0: Ball 1-0: Fielders Choice at 2nd, U4 (Groundball, 4M)
|
Top of the 7th over - 1 run(s), 2 hit(s), 0 error(s), 1 left on base; Maui 4 - Niagara Falls 1 |
BOTTOM OF THE 7TH |
Niagara Falls Frenzy batting - Pitching for Maui Tropics : RHP Dave Riley
|
Batting: SHB Martín De Jesús
|
0-0: SINGLE (Groundball, 6M)
|
Batting: LHB Seung-woo Yi
|
0-0: Ball 1-0: Ball 2-0: Ball 3-0: Called Strike 3-1: SINGLE (Groundball, 56D) Martín De Jesús to second
|
Batting: RHB Cordell Gibson
|
0-0: Ball 1-0: Ball 2-0: Swinging Strike 2-1: Foul Ball, location: 2F 2-2: Ball 3-2: Grounds into double play, 1-6-3 (Groundball, 15) Martín De Jesús to third
|
Batting: RHB Juan Carlos Rodríguez
|
0-0: Ball 1-0: Foul Ball, location: 2F 1-1: Ball 2-1: Ball 3-1: Foul Ball, location: 2F 3-2: Ground out 6-3 (Groundball, 6)
|
Bottom of the 7th over - 0 run(s), 2 hit(s), 0 error(s), 1 left on base; Maui 4 - Niagara Falls 1 |
TOP OF THE 8TH |
Maui Tropics batting - Pitching for Niagara Falls Frenzy : RHP Kimitada Takai
|
Batting: RHB Damian Yates
|
0-0: Ball 1-0: Ball 2-0: Ball 3-0: Called Strike 3-1: Base on Balls
|
Batting: RHB Ximena Campos
|
0-0: Ball 1-0: Called Strike 1-1: Ball 2-1: Ball 3-1: Foul Ball, location: 2F 3-2: Fly out, F8 (Line Drive, 8RM)
|
Batting: LHB Javier Espinoza
|
0-0: Ball 1-0: Ball 2-0: Called Strike 2-1: Grounds into double play, 5-4-3 (Groundball, 56)
|
Top of the 8th over - 0 run(s), 0 hit(s), 0 error(s), 0 left on base; Maui 4 - Niagara Falls 1 |
BOTTOM OF THE 8TH |
Niagara Falls Frenzy batting - Pitching for Maui Tropics : RHP Dave Riley
|
Pitching: RHP Yong-taek Yi
|
|
Batting: LHB Dante Owens
|
0-0: Called Strike 0-1: Foul Ball, location: 2F 0-2: Ball 1-2: Foul Ball, location: 2F 1-2: Fly out, F8 (Popup, 4MD)
|
Batting: LHB Clyde Yarbrough
|
0-0: Called Strike 0-1: Ball 1-1: Foul Ball, location: 2F 1-2: Ball 2-2: Foul Ball, location: 2F 2-2: Ball 3-2: SINGLE (Line Drive, 8LS)
|
Batting: RHB Lawrence Schroeder
|
0-0: Reached on error, E1 (Groundball, 13) Clyde Yarbrough to second
|
Batting: SHB Shumei Yokoyama
|
0-0: Called Strike 0-1: Ball 1-1: Ball 2-1: Ball 3-1: Swinging Strike 3-2: Base on Balls Clyde Yarbrough to third Lawrence Schroeder to second
|
Pinch Hitting: SHB Ray Burgess
|
0-0: Ball 1-0: Fly out, F8 (Line Drive, 8LM) Runner from 3rd tags up, SCORES, throw made
|
Batting: SHB Martín De Jesús
|
0-0: DOUBLE (Line Drive, 8RD) Lawrence Schroeder scores Shumei Yokoyama to third Runner from 3rd tries for Home, SAFE, throw made home
|
Pitching: LHP Robin Wilder
|
|
Pinch Hitting: RHB Eichiro Yamamoto
|
0-0: Foul Ball, location: 2F 0-1: Foul Ball, location: 2F 0-2: Foul Ball, location: 2F 0-2: Ball 1-2: Ball 2-2: Ground out 4-3 (Groundball, 4)
|
Bottom of the 8th over - 3 run(s), 2 hit(s), 1 error(s), 1 left on base; Maui 4 - Niagara Falls 4 |
TOP OF THE 9TH |
Maui Tropics batting - Pitching for Niagara Falls Frenzy : RHP Kimitada Takai
|
Pitching: RHP Esteban Juárez
|
|
Now at SS: Bryce Hester
|
|
Now in LF: Eichiro Yamamoto
|
|
Pinch Hitting: RHB Phil White
|
0-0: Ground out 6-3 (Groundball, 6M)
|
Pinch Hitting: RHB António Martínez
|
0-0: Called Strike 0-1: Foul Ball, location: 2F 0-2: Strikes out swinging
|
Batting: LHB Juan Jose Rojas
|
0-0: Called Strike 0-1: Swinging Strike 0-2: Ball 1-2: Foul Ball, location: 2F 1-2: Ball 2-2: Strikes out swinging
|
Top of the 9th over - 0 run(s), 0 hit(s), 0 error(s), 0 left on base; Maui 4 - Niagara Falls 4 |
BOTTOM OF THE 9TH |
Niagara Falls Frenzy batting - Pitching for Maui Tropics : LHP Robin Wilder
|
Pitching: RHP Junior Mateo
|
|
Now at 2B: Enrique Flores
|
|
Now in LF: Phil White
|
|
Batting: RHB Cordell Gibson
|
0-0: Swinging Strike 0-1: Called Strike 0-2: Strikes out swinging
|
Batting: RHB Juan Carlos Rodríguez
|
0-0: Ball 1-0: SINGLE (Line Drive, 56D)
|
Batting: LHB Dante Owens
|
0-0: Fielders Choice at 2nd, 6-4 (Groundball, 6M)
|
Batting: LHB Clyde Yarbrough
|
0-0: Ball 1-0: Ball 2-0: Ground out 4-3 (Groundball, 4)
|
Bottom of the 9th over - 0 run(s), 1 hit(s), 0 error(s), 1 left on base; Maui 4 - Niagara Falls 4 |
TOP OF THE 10TH |
Maui Tropics batting - Pitching for Niagara Falls Frenzy : RHP Esteban Juárez
|
Batting: RHB Jesús Espinoza
|
0-0: Ball 1-0: Called Strike 1-1: Called Strike 1-2: Foul Ball, location: 2F 1-2: Ball 2-2: Strikes out swinging
|
Batting: LHB Luis Antonio Torres
|
0-0: Called Strike 0-1: Fly out, F7 (Flyball, 7LM)
|
Batting: LHB Henry Huffman
|
0-0: Ball 1-0: Called Strike 1-1: Foul Ball, location: 2F 1-2: Strikes out swinging
|
Top of the 10th over - 0 run(s), 0 hit(s), 0 error(s), 0 left on base; Maui 4 - Niagara Falls 4 |
BOTTOM OF THE 10TH |
Niagara Falls Frenzy batting - Pitching for Maui Tropics : RHP Junior Mateo
|
Batting: RHB Lawrence Schroeder
|
0-0: Ball 1-0: Ground out 6-3 (Groundball, 6)
|
Batting: SHB Shumei Yokoyama
|
0-0: Called Strike 0-1: Ball 1-1: Ball 2-1: Ball 3-1: Base on Balls
|
Batting: RHB Bryce Hester
|
0-0: Called Strike 0-1: Ball 1-1: Called Strike 1-2: Foul Ball, location: 2F 1-2: Ball 2-2: Ball 3-2: Foul Ball, location: 2F 3-2: Foul Ball, location: 2F 3-2: Foul Ball, location: 2F 3-2: Foul Ball, location: 2F 3-2: Base on Balls Shumei Yokoyama to second
|
Batting: SHB Martín De Jesús
|
0-0: Ball 1-0: SINGLE (Groundball, 4MD) Shumei Yokoyama to third Bryce Hester to second
|
Batting: RHB Eichiro Yamamoto
|
0-0: Foul Ball, location: 2F 0-1: Called Strike 0-2: Strikes out swinging
|
Batting: RHB Cordell Gibson
|
0-0: Ball 1-0: Called Strike 1-1: SINGLE (Line Drive, 4MD) Shumei Yokoyama scores
|
|